cohdb
Replays
Latest Replays
All Replays
Popular Replays
Top Player Replays
Match Explorer
How It Works
Community
CoH3 Stats
Reddit
Sign in to upload your games and track your stats! →
Sign in with Steam
Havoc couldnt handle 4 ass grens
Match 20690972
Overview
Messages
Build Orders
End
Engineer Squad
Construct Barracks
Riflemen Squad
Riflemen Squad
Riflemen Squad
Infantry Support Center
Selects Armored Battlegroup
Selects Veteran Crews
Selects Fast Deploy
Construct Motor Pool
Riflemen Squad
Mortar Pit
M8 Greyhound Armored Car
Construct Medical Station
Selects M31 Recovery Vehicle
M8 Greyhound Armored Car
Selects War Machine
Riflemen Squad
M1918 Browning Automatic Rifles
M1 Anti-tank Gun Team
Demolitions Package
Selects Seek and Destroy
Munitions Surplus
M8 Greyhound Armored Car
M24 Chaffee Light Tank
Selects M4A3E8 Sherman Combat Group
M4A3E8 Sherman Combat Group
M31 Recovery Vehicle
AI Takeover
Havoc
nub
0
0
Comments
sign in to comment!
No comments posted yet!